Map: Catalyst LE

Players

Remy

  • Race: Zerg Zerg
  • League: Master
  • Spawn Location: 11:00

Ascarecrow - Winner!

  • Race: Zerg Zerg
  • League: Master
  • Spawn Location: 5:00

VOD

Have the link to the VOD?

Description

Time

  • Played on: Jan. 25, 2018, 3:40 a.m.
  • Length: 10:49
Show
View Real Time Build Order
Export as new Build Order

Remy Zerg 

Build Orders: Pool First 

Get SALT Encoding   

  12  0:01  Drone  
  13  0:12  Overlord  
  13  0:16  Drone  
  14  0:30  Drone  
  14  0:31  Drone  
  16  0:36  Extractor, Drone  
  16  0:47  Spawning Pool  
  15  0:50  Drone  
  15  0:56  Drone  
  17  1:07  Drone  
  18  1:18  Drone  
  19  1:26  Hatchery  
  19  1:31  Drone  
  19  1:40  Queen  
  19  1:44  Zergling x2  
  22  1:52  Metabolic Boost  
  22  1:57  Overlord  
  22  2:19  Zergling x4  
  23  2:27  Zergling x2  
  24  2:41  Zergling x2  
  24  2:47  Zergling x2  
  25  2:51  Zergling x6  
  27  3:01  Zergling x2  
  28  3:09  Baneling Nest  
  28  3:12  Zergling x2  
  27  3:13  Hatchery  
  27  3:17  Zergling x2  
  26  3:23  Queen  
  26  3:24  Overlord  
  28  3:38  Zergling x6  
  28  3:54  Drone  
  30  4:02  Drone  
  30  4:05  Drone x3  
  33  4:14  Drone  
  34  4:27  Drone  
  34  4:28  Drone  
  35  4:36  Drone x5  
  40  4:46  Evolution Chamber  
  39  4:54  Overlord  
  39  4:55  Overlord  
  39  5:03  Hatchery  
  38  5:11  Zerg Missile Weapons Level 1  
  38  5:16  Drone x5  
  38  5:20  Drone x2  
  45  5:29  Roach Warren  
  44  5:39  Lair  
  44  5:47  Drone  
  44  5:48  Extractor  
  44  5:49  Drone x2  
  46  5:50  Drone x2  
  46  5:52  Overlord  
  46  5:53  Overlord  
  48  6:07  Queen  
  50  6:23  Roach x10  
  69  6:40  Glial Reconstitution  
  69  6:42  Zergling x10  
  69  6:45  Overlord x2  
  73  6:58  Overlord  
  73  7:00  Extractor, Overlord x2  
  72  7:05  Drone x3  
  72  7:06  Drone  
  76  7:12  Roach x3  
  76  7:13  Roach x2  
  86  7:24  Overseer  
  86  7:28  Extractor  
  86  7:29  Roach x3  
  95  7:30  Roach x2  
  95  7:49  Roach  
  95  7:50  Roach x6  
  103  8:01  Roach x4  
  105  8:20  Hydralisk Den  
  105  8:22  Queen  
  105  8:24  Drone x3  
  105  8:25  Drone x5  
  111  8:42  Spore Crawler  
  96  8:59  Hydralisk  
  96  9:00  Hydralisk x7  
  77  9:12  Hydralisk  
  77  9:13  Hydralisk  
  65  9:31  Hydralisk x2  
  65  9:39  Drone x5  
  65  9:43  Extractor  
  69  9:51  Roach x2  
  73  10:07  Extractor  
  73  10:09  Roach  
  73  10:10  Roach  
  76  10:31  Spore Crawler  
Show
View Real Time Build Order
Export as new Build Order

Ascarecrow Zerg - Winner!

Build Orders: Pool First 

Get SALT Encoding   

  12  0:17  Spawning Pool  
  11  0:22  Drone  
  11  0:27  Drone  
  13  0:31  Drone  
  14  0:40  Overlord  
  14  1:05  Zergling x2  
  14  1:06  Zergling x4  
  17  1:17  Zergling x2  
  18  1:22  Hatchery  
  17  1:28  Zergling x2  
  18  1:35  Queen  
  20  1:40  Zergling x2  
  21  1:49  Overlord  
  21  2:00  Drone  
  22  2:20  Drone  
  22  2:21  Queen  
  25  2:30  Drone  
  25  2:42  Drone x2  
  27  2:48  Queen  
  27  2:50  Spine Crawler  
  28  2:55  Drone x2  
  28  2:57  Queen  
  31  3:12  Drone x4  
  31  3:23  Queen  
  33  3:35  Queen  
  34  3:41  Drone  
  34  3:42  Drone  
  34  3:43  Overlord x2  
  34  3:47  Extractor  
  35  3:49  Extractor  
  35  3:50  Drone x2  
  36  4:02  Roach Warren  
  35  4:05  Drone x3  
  38  4:12  Drone  
  38  4:13  Drone x2  
  41  4:30  Drone  
  41  4:31  Drone x3  
  45  4:36  Evolution Chamber  
  44  4:39  Evolution Chamber  
  43  4:46  Lair  
  43  4:47  Drone x3  
  46  4:57  Overlord x2  
  46  4:58  Drone  
  47  5:00  Drone  
  48  5:08  Extractor  
  48  5:09  Drone x3  
  48  5:10  Extractor  
  49  5:16  Drone x4  
  49  5:21  Zerg Missile Weapons Level 1  
  53  5:25  Overlord  
  53  5:28  Drone x2  
  55  5:30  Drone  
  55  5:35  Overlord  
  56  5:36  Roach  
  58  5:50  Roach  
  58  5:51  Roach x5  
  58  5:54  Glial Reconstitution  
  70  6:01  Roach x2  
  70  6:02  Roach  
  76  6:05  Drone  
  77  6:14  Spire, Overlord  
  77  6:16  Overlord  
  76  6:37  Hatchery  
  75  6:47  Roach, Drone  
  76  6:48  Roach x6  
  90  6:55  Overlord x2  
  90  6:59  Drone x2  
  90  7:00  Drone  
  94  7:30  Drone x9  
  102  7:40  Overlord  
  102  7:50  Mutalisk  
  102  7:51  Mutalisk x3  
  104  7:54  Mutalisk  
  106  8:02  Mutalisk  
  106  8:03  Mutalisk x2  
  106  8:04  Mutalisk x2  
  114  8:25  Roach  
  114  8:26  Roach x3  
  122  8:33  Overlord x5  
  118  8:56  Roach x10  
  132  9:12  Roach  
  132  9:13  Roach x8  
  145  9:24  Overlord x2  
  135  9:55  Ravager x6  
  135  9:56  Roach x6  
  135  9:57  Roach x5  
  163  10:01  Drone  
  163  10:03  Extractor x2  
  162  10:08  Overlord  
  162  10:09  Overlord  
Tags
 
Add a new tag
Caveats
  • Supply blocks, unpowered buildings, or Contaminate may cause inaccurate times.
  • Supply counts are checked every 10 seconds.